 Dungeon Crawl Stone Soup version 0.27-a0-1456-gf5a116941d (webtiles) character file.

Game seed: 12129082052416348766

107 Froggeryz the Chopper (level 4, -1/72 HPs)
             Began as an Ogre Berserker on July 6, 2021.
             Was a Believer of Trog.
             Slain by a gnoll (4 damage)
             ... on level 4 of the Dungeon.
             The game lasted 00:01:54 (2249 turns).

Froggeryz the Chopper (Ogre Berserker)              Turns: 2249, Time: 00:01:55

Health: -1/72      AC:  3    Str: 21    XL:     4   Next: 85%
Magic:  4/4        EV: 10    Int:  8    God:    Trog [**....]
Gold:   139        SH:  0    Dex:  9    Spells: 3/3 levels left

rFire    . . .     SeeInvis .   a - +0 hand axe
rCold    . . .     Faith    .   (no shield)
rNeg     . . .     Spirit   .   b - +0 animal skin
rPois    .         Reflect  .   (helmet restricted)
rElec    .         Harm     .   (no cloak)
rCorr    .         Rampage  .   (gloves unavailable)
Will     .....                  (boots unavailable)
Stlth    ..........             h - amulet of regeneration
HPRegen  1.22/turn              (no ring)
MPRegen  0.09/turn              (no ring)

@: berserking, very quick
A: large, unfitting armour, tough skin 1
a: Renounce Religion, Berserk, Trog's Hand


You were on level 4 of the Dungeon.
You worshipped Trog.
Trog was pleased with you.
You visited 1 branch of the dungeon, and saw 4 of its levels.

You collected 139 gold pieces.

Inventory:

Hand Weapons
 a - a +0 hand axe (weapon)
Missiles
 c - 5 large rocks (quivered)
 k - 14 poisoned darts
Armour
 b - a +0 animal skin (worn)
Jewellery
 h - an amulet of regeneration (around neck)
 i - a ring of flight
 l - an amulet of faith
Wands
 m - a wand of flame (16)
Scrolls
 g - a scroll of teleportation
 j - a scroll of fog
 o - a scroll of identify
 p - a scroll of enchant weapon {unknown}
 q - a scroll of torment {unknown}
Potions
 d - 2 potions of might {unknown}
 e - a potion of invisibility {unknown}
 f - a potion of curing {unknown}
 n - 2 potions of cancellation {unknown}


   Skills:
 - Level 4.0 Fighting
 * Level 4.7 Axes
 + Level 1.8 Armour
 - Level 2.6 Dodging


You had 3 spell levels left.
You didn't know any spells.
Your spell library was empty.

Dungeon Overview and Level Annotations

Branches:
Dungeon (4/15)
 Temple: D:4-7

Altars:
Okawaru
Uskayaw


Innate Abilities, Weirdness & Mutations

You are too large for most types of armour.
You have tough skin. (AC +1)


Message History

You feel yourself moving faster!
You feel mighty! The gnoll closely misses you.
The gnoll hits you from afar with a +0 spear!
The gnoll hits you but does no damage. The gnoll hits you with a +0 flail.
You slash the gnoll!
The gnoll is heavily wounded.
You hit the gnoll. The gnoll hits you with a +0 halberd!
The gnoll hits you from afar with a +0 spear.
The gnoll misses you.
You closely miss the gnoll.
The gnoll is heavily wounded.
You barely miss the gnoll. The gnoll barely misses you.
The gnoll hits you from afar with a +0 spear.
The gnoll hits you from afar with a +0 spear!
You slash the gnoll!
You kill the gnoll!
Trog accepts your kill.
You hit the gnoll. The gnoll hits you but does no damage.
The gnoll hits you with a +0 halberd!
* * * LOW HITPOINT WARNING * * *
You hit the gnoll but do no damage.
The gnoll is almost dead.
The gnoll throws a throwing net.
The throwing net barely misses you.
You barely miss the gnoll.
The gnoll is almost dead.
The gnoll closely misses you.
The gnoll hits you from afar with a +0 spear.
* * * LOW HITPOINT WARNING * * *
The gnoll misses you.
You slash the gnoll!
You kill the gnoll!
Trog accepts your kill.
The gnoll hits you from afar with a +0 spear!
* * * LOW HITPOINT WARNING * * *
The gnoll hits you from afar with a +0 spear.
* * * LOW HITPOINT WARNING * * *
You see here a +0 flail.
You hit the gnoll.
The gnoll is lightly wounded.
You hit the gnoll. The gnoll hits you with a +0 spear.
You die...

#.... ...<...
#####.......
#...........
#############.#.#.......
.........(....._........
######......>.#.#.......
######........#(#.......
.##...........#)@g..#.
.##.##........###g.....#
....##........# #.....#
.#####........# .....#
.# #........# ....# ..
......#### +#### ##
######.# ..# .#


You could see 2 gnolls.

Vanquished Creatures
  An iguana (D:3)
  2 gnolls (D:4)
  2 worms
  3 dart slugs
  4 endoplasms
  5 giant cockroaches
  A goblin (D:3)
  4 hobgoblins
  3 jackals (D:1)
  2 quokkas (D:1)
  5 ball pythons
  4 bats
  7 frilled lizards
  3 kobolds
  2 rats (D:1)
48 creatures vanquished.

Notes
Turn   | Place    | Note
-------+----------+-------------------------------------------
     0 | D:1      | Froggeryz the Ogre Berserker began the quest for the Orb.
     0 | D:1      | Reached XP level 1. HP: 24/24 MP: 1/1
   172 | D:1      | Reached XP level 2. HP: 32/32 MP: 2/2
   205 | D:1      | Found a faded altar of an unknown god.
   719 | D:1      | Reached skill level 1 in Armour
   719 | D:1      | Reached XP level 3. HP: 39/39 MP: 3/3
   843 | D:2      | Found a hide-covered altar of Uskayaw.
  1067 | D:2      | Reached ** piety under Trog
  1748 | D:3      | Reached XP level 4. HP: 34/48 MP: 4/4
  2223 | D:4      | Found an iron altar of Okawaru.
  2247 | D:4      | HP: 1/72 [gnoll (5)]
  2249 | D:4      | Slain by a gnoll

Illustrated notes

Levels and vault maps discovered:
D:1:      minmay_arrival_shattered_statue, layout_basic,
          hellmonk_ecumenical_altar_run_dry, chequers_serial_rivers_small_b,
          minmay_tromino_v2
D:2:      layout_loops_cross, basic_altar, st_stairs_9, minivault_11,
          eino_curves_03
D:3:      layout_basic
D:4:      layout_basic, lemuel_crystal_altar

Skill      XL: |  1  2  3 |
---------------+----------+-----
Armour         | 1 |  1.8
Axes           | 4 |  4.7
Fighting       | |  4.0
Dodging        | |  2.6

Action                   |  1- 3 |  4- 6 || total
-------------------------+-------+-------++-------
Melee: Hand axe          |   107 |    41 ||   148
Invok: Berserk           |     1 |     1 ||     2
  Use: Scroll            |     3 |       ||     3
Armor: Animal skin       |    28 |    15 ||    43
Dodge: Dodged            |    65 |    24 ||    89

Table legend: (Time is in decaauts)
 A = Elapsed time spent in this place.
 B = Non-inter-level travel time spent in this place.
 C = Inter-level travel time spent in this place.
 D = Time resting spent in this place.
 E = Time spent auto-exploring this place.
 F = Levels seen in this place.
 G = Mean time per level.
                   A        B        C        D        E       F      G
               +--------+--------+--------+--------+--------+-----+--------+
         Total |   2273 |   2199 |     74 |     15 |   1864 |   4 |  568.2 |
       Dungeon |   2273 |   2199 |     74 |     15 |   1864 |   4 |  568.2 |
               +--------+--------+--------+--------+--------+-----+--------+

Top non-repeatable levels by time:
     D:1: 853 daAuts
     D:2: 668 daAuts
     D:3: 659 daAuts
     D:4: 92 daAuts
